 Dungeon Crawl Stone Soup version 0.27-a0-1196-g3e9cee4cb2 (webtiles) character file.

Game seed: 1809088125370204349

70101 Essalna the Peltast (level 15, -8/118 HPs)
             Began as a Djinni Venom Mage on May 28, 2021.
             Was the Champion of Makhleb.
             Killed from afar by an Ice Fiend (72 damage)
             ... with a bolt of cold
             ... in an ice cave on May 29, 2021.
             The game lasted 00:58:27 (17900 turns).

Essalna the Peltast (Djinni Venom Mage)            Turns: 17900, Time: 00:58:28

Health: -8/118     AC:  9    Str: 10    XL:     15   Next: 76%
Gold:   1819       EV: 22    Int: 26    God:    Makhleb [******] SH:  9 Dex: 17

rFire    + + .     SeeInvis +   g - staff of poison
rCold    . . .     Faith    .   j - +1 buckler of Trial and Error {-Tele Will+ Regen+ Dex+3}
rNeg     + . .     Spirit   .   Q - +2 robe of Vines {NoPotionHeal Regen+++}
rPois    ∞         Reflect  .   I - +2 hat {Int+3}
rElec    .         Harm     .   (no cloak)
rCorr    +         Rampage  .   d - +1 pair of gloves {Stlth+}
Will     ++...     NoTele   +   (boots unavailable)
Stlth    +++.......             E - amulet of regeneration
HPRegen  5.29/turn              M - ring "Douveali" {rC+ rN+ rCorr Str+3 SInv}
MPRegen  0.00/turn              H - +4 ring of evasion

@: flying, studying Dodging
A: sickness immunity, fire resistance 2, cold vulnerability 1, float, innate
caster, hp casting, extra vitality 1
a: Renounce Religion, Minor Destruction, Lesser Servant of Makhleb, Major
Destruction, Greater Servant of Makhleb


You were in an ice cave.
You worshipped Makhleb.
Makhleb was exalted by your worship.
You visited 5 branches of the dungeon, and saw 21 of its levels.
You also visited: Ossuary and Ice Cave.

You collected 2179 gold pieces.
You spent 360 gold pieces at shops.

Inventory:

Hand Weapons
 L - a +2 whip of freezing
Missiles
 B - 2 throwing nets
Armour
 d - a +1 pair of gloves of stealth (worn)
 j - the +1 buckler of Trial and Error (worn) {-Tele Will+ Regen+ Dex+3}
   (You acquired it in an ossuary)

   It affects your dexterity (+3).
   It prevents most forms of teleportation.
   It increases your rate of health regeneration.
   It increases your willpower.
 F - a +0 pair of gloves
 I - a +2 hat of intelligence (worn)
 Q - the +2 robe of Vines (worn) {NoPotionHeal Regen+++}
   (You found it on level 7 of the Dungeon)

   It increases your rate of health regeneration.
Magical Staves
 g - a staff of poison (weapon)
 w - a staff of conjuration
 O - a staff of earth
 W - a staff of air
Jewellery
 a - a ring of ice
 b - a ring of magical power
 y - a ring of wizardry
 z - a ring of wizardry
 E - an amulet of regeneration (around neck)
 H - a +4 ring of evasion (right hand)
 J - an amulet of guardian spirit
 M - the ring "Douveali" (left hand) {rC+ rN+ rCorr Str+3 SInv}
   (You found it on level 7 of the Dungeon)

   [ring of positive energy]

   It affects your strength (+3).
   It protects you from cold.
   It protects you from negative energy.
   It lets you see invisible.
   It protects you from acid and corrosion.
 R - a ring of resist corrosion
 Z - a +6 ring of intelligence
Scrolls
 c - 18 scrolls of identify
 n - 3 scrolls of immolation
 p - 2 scrolls of fog
 s - 4 scrolls of noise
 v - 5 scrolls of enchant armour {unknown}
 x - 8 scrolls of teleportation
 G - a scroll of torment {unknown}
 S - 3 scrolls of enchant weapon {unknown}
 Y - 2 scrolls of fear {unknown}
Potions
 e - 5 potions of degeneration {unknown}
 f - 6 potions of curing
 i - 3 potions of flight {unknown}
 k - 3 potions of resistance {unknown}
 o - a potion of ambrosia {unknown}
 r - 5 potions of heal wounds
 t - a potion of mutation
 A - 3 potions of brilliance {unknown}
 C - 3 potions of haste {unknown}
 K - 2 potions of cancellation {unknown}
 V - 3 potions of invisibility {unknown}
 X - a potion of might {unknown}
Miscellaneous
 P - a piece from Xom's chessboard (15/15)


   Skills:
 + Level 14.6 Fighting
 + Level 7.7 Armour
 + Level 9.9 Dodging
 - Level 1.5 Stealth
 - Level 15.0 Shields
 + Level 11.9 Spellcasting


You couldn't memorise any spells.
You knew the following spells:

 Your Spells              Type           Power      Damage    Failure   Level
a - Sting                 Tmut/Pois      100%       1d8       1%          1
b - Poisonous Vapours     Pois/Air       100%       N/A       1%          2
c - Mephitic Cloud        Conj/Pois/Air  86%        N/A       1%          3
d - Ignite Poison         Fire/Tmut/Pois 86%        N/A       1%          3
e - Olgreb's Toxic Radia  Pois           86%        N/A       1%          4
f - Freeze                Ice            100%       1d11      1%          1
g - Call Imp              Summ           67%        N/A       1%          2
h - Stone Arrow           Conj/Erth      100%       3d13      1%          3
i - Sticky Flame          Conj/Fire      67%        2d8       1%          4
j - Summon Forest         Summ/Tloc      33%        N/A       1%          5
k - Agony                 Necr           67%        N/A       1%          5
l - Freezing Cloud        Conj/Ice/Air   33%        6-21      4%          6
Your spell library was empty.

Dungeon Overview and Level Annotations

Branches:
Dungeon (11/15)            Temple (1/1) D:4            Lair (6/6) D:8
 Shoals (1/4) Lair:2       Spider (0/4) Lair:4        Slime (0/5) Lair:6
    Orc (2/2) D:10            Elf (0/3) Orc:2       Ossuary (visited)
  IceCv (1/1)

Altars:
Ashenzari
Cheibriados
Dithmenos
Elyvilon
Fedhas
Gozag
Makhleb
Nemelex Xobeh
Qazlal
Ru
Sif Muna
Trog
Uskayaw
Vehumet
Wu Jian
Xom
Yredelemnul
Zin
The Shining One
Beogh

Shops:
D:6 =   Orc:2 [([(*

Portals:
Abyss: Lair:6

Annotations:
D:9 3 runed translucent doors, Burana's ghost, journeyman OpBe
Lair:1 exclusion: oklob plant


Innate Abilities, Weirdness & Mutations

You are immune to sickness and miasma.
You are immune to poison.
Your flesh is very heat resistant. (rF++)
You are vulnerable to cold. (rC-)
You float through the air rather than walking.
You learn spells naturally, not from books.
Your magical power is your life essence.
You have superior vitality. (+4 HP)


Message History

Press: ? - help, Shift-Dir - straight line, f/p - ice devil
Aim: an ice devil (moderately wounded, 78% to hit)
The stone arrow hits the ice devil!
The ice devil is heavily wounded.
You block the ice devil's attack.
Casting: Stone Arrow (safe; 1% risk of failure)
Confirm with . or Enter, or press ? or * to list all spells.
Aiming: Stone Arrow (safe; 1% risk of failure)
Press: ? - help, Shift-Dir - straight line, f/p - ice devil
Aim: an ice devil (heavily wounded, 78% to hit)
The stone arrow hits the ice devil!
The ice devil is severely wounded.
The ice devil hits you! The ice devil freezes you!!
Casting: Stone Arrow (safe; 1% risk of failure)
Confirm with . or Enter, or press ? or * to list all spells.
Aiming: Stone Arrow (safe; 1% risk of failure)
Press: ? - help, Shift-Dir - straight line, f/p - ice devil
Aim: an ice devil (severely wounded, 78% to hit)
The stone arrow hits the ice devil!
You kill the ice devil!
Makhleb accepts your kill.
You feel better.
Casting: Stone Arrow (safe; 1% risk of failure)
Confirm with . or Enter, or press ? or * to list all spells.
Aiming: Stone Arrow (safe; 1% risk of failure)
Press: ? - help, Shift-Dir - straight line, f - ice devil
Aim: an ice devil (78% to hit)
The stone arrow misses the ice devil.
The ice devil completely misses you.
Casting: Stone Arrow (safe; 1% risk of failure)
Confirm with . or Enter, or press ? or * to list all spells.
Aiming: Stone Arrow (safe; 1% risk of failure)
Press: ? - help, Shift-Dir - straight line, f/p - ice devil
Aim: an ice devil (78% to hit)
The stone arrow hits the ice devil!
The ice devil is moderately wounded.
The Ice Fiend gestures at you.
The bolt of cold hits the ice devil.
The ice devil completely resists.
The bolt of cold hits you!!!!
Ouch! That really hurt!
You die...

##..#....##....###§○#§.≈
#..##....###.§.#§§§☼§§§
# #..#....##
#..§#§§§§§☼§ §#
#..##.#.##
#.§§#§§§####.§#.
#.☼○###..#
#..§§.○§§§§.§11☼
##.§##○○.#
#.§#§§§§.1§4§§#
#.≈.§○..# ##.##§§#.#§§#
##...#○.# #..#.##4#
##§.#..## #...@#..##
####...# ##.4##...#
##..# #.1.....# #...##
##......# ##...#
#.....## ##..## ##...##
##....# ##### ##.....##
#.......# ####


You could see an Ice Fiend and an ice devil.

Vanquished Creatures
  An orc warlord (Orc:2)
  The ghost of Yhosony the Tainter, a journeyman OpVM of Sif Muna (Lair:5)
  The ghost of Pegreged the Tainter, a journeyman OpVM of Sif Muna (Lair:5)
  The ghost of Janwiy the Geomancer, a journeyman GrEE of Vehumet (Lair:6)
  Nessos (Lair:5)
  The ghost of Berchol the Thaumaturge, a journeyman DgCj (Lair:5)
  Snorg (D:10)
  Josephine (Lair:5)
  3 boulder beetles
  9 hydras
  2 two-headed ogres (D:7)
  A two-headed ogre (shapeshifter) (Lair:6)
  5 death yaks (Lair:5)
  2 orc high priests
  A hell hog (Lair:6)
  Nergalle (Lair:1)
  A spriggan (Lair:6)
  Sonja (Lair:1)
  Pikel (D:6)
  A lindwurm (Lair:4)
  4 ugly things
  2 orc knights (Orc:2)
  The ghost of Froggeryz the Gouger, a novice FeBe of Trog (Lair:1)
  2 orc sorcerers (Orc:2)
  A cyclops (Shoals:1)
  Joseph (D:7)
  A black mamba (Lair:6)
  2 ice statues (IceCv)
  14 elephants (Lair:6)
  A merfolk siren (Shoals:1)
  22 cane toads
  2 rime drakes
  8 komodo dragons
  12 ice devils (IceCv)
  A polar bear (Lair:2)
  2 merfolk (Shoals:1)
  4 tyrant leeches (Lair:6)
  3 trolls
  3 hornets
  20 blink frogs
  A snapping turtle (Lair:2)
  5 wraiths
  A vampire (D:7)
  19 yaks
  A basilisk (Lair:5)
  2 steam dragons
  2 wargs (Orc:2)
  8 vampire mosquitoes
  Duvessa (D:6)
  2 acid dragons
  8 water moccasins
  A sky beast (D:7)
  37 orc warriors
  An ice beast (D:6)
  2 ogres
  6 black bears
  4 wolves (Lair:1)
  2 centaurs
  A phantom (D:7)
  5 kobold brigands (D:8)
  Blork the orc (D:6)
  2 lemures (D:6)
  17 bullfrogs
  4 scorpions
  A wyvern zombie (D:8)
  2 gnoll sergeants
  Dowan (D:6)
  A wyvern skeleton (D:7)
  7 killer bees
  3 wights (D:8)
  3 electric eels
  A howler monkey (D:10)
  3 bullfrog zombies
  8 centaur zombies
  3 hounds
  5 jellies
  22 orc priests
  Jessica (D:3)
  A bullfrog skeleton (D:4)
  2 centaur skeletons
  13 orc wizards
  3 iguanas
  A killer bee zombie (D:7)
  7 mummies (Ossuary)
  3 howler monkey zombies
  9 adders
  17 gnolls
  A shadow imp (D:6)
  15 white imps
  6 ufetubi
  2 adder zombies (Ossuary)
  5 dart slugs
  73 orcs
  5 endoplasms
  4 giant cockroaches
  10 goblins
  8 hobgoblins
  4 jackals (D:4)
  3 quokkas
  7 ball pythons
  3 bats (D:1)
  3 frilled lizards
  2 gnoll zombies (Ossuary)
  4 goblin zombies (Ossuary)
  5 hobgoblin zombies (Ossuary)
  23 kobolds
  2 kobold zombies (Ossuary)
  An orc zombie (Ossuary)
  6 quokka zombies (Ossuary)
  3 rats
  3 rat zombies (Ossuary)
590 creatures vanquished.

Vanquished Creatures (collateral kills)
  An ice dragon (Shoals:1)
  Maggie (D:8)
  A gnoll shaman (D:7)
  2 gnolls (D:7)
  An ufetubus (D:7)
6 creatures vanquished.

Vanquished Creatures (others)
  3 white imps (IceCv)
  11 fungi
  78 plants
92 creatures vanquished.

Grand Total: 688 creatures vanquished

Notes
Turn   | Place    | Note
-------+----------+-------------------------------------------
     0 | D:1      | Essalna the Djinni Venom Mage began the quest for the Orb.
     0 | D:1      | Reached XP level 1. HP: 15/15 MP: 0/0
   447 | D:1      | Reached skill level 1 in Fighting
   447 | D:1      | Reached XP level 2. HP: 18/22 MP: 0/0
  1359 | D:2      | Reached XP level 3. HP: 18/28 MP: 0/0
  1359 | D:2      | Learned a level 1 spell: Freeze
  2274 | D:3      | Noticed Jessica
  2279 | D:3      | Killed Jessica
  2280 | D:3      | Reached XP level 4. HP: 22/34 MP: 0/0
  2731 | D:3      | Reached XP level 5. HP: 25/40 MP: 0/0
  2731 | D:3      | Learned a level 2 spell: Call Imp
  2740 | D:3      | Noticed a bullfrog
  2846 | D:3      | Killed a bullfrog
  3116 | D:3      | Reached XP level 6. HP: 40/46 MP: 0/0
  3461 | D:3      | Found a faded altar of an unknown god.
  3902 | D:4      | Found a sand-covered staircase.
  3909 | Ossuary  | Entered an ossuary
  3915 | Ossuary  | Identified 3 scrolls of acquirement
  3915 | Ossuary  | Acquired a +5 lajatang of venom
  3921 | Ossuary  | Acquired a manual of Shields
  3925 | Ossuary  | Acquired the +1 buckler of Trial and Error {-Tele Will+
                  | Regen+ Dex+3}
  4418 | Ossuary  | Reached XP level 7. HP: 28/53 MP: 0/0
  4418 | Ossuary  | Learned a level 3 spell: Stone Arrow
  5241 | Ossuary  | Reached skill level 5 in Fighting
  5468 | D:4      | Found a staircase to the Ecumenical Temple.
  5488 | Temple   | Entered the Ecumenical Temple
  5549 | Temple   | Became a worshipper of Makhleb the Destroyer
  5761 | D:4      | Reached skill level 1 in Shields
  6194 | D:5      | Entered Level 5 of the Dungeon
  6350 | D:5      | Reached skill level 2 in Shields
  6350 | D:5      | Reached skill level 5 in Spellcasting
  6350 | D:5      | Reached XP level 8. HP: 52/60 MP: 0/0
  6380 | D:5      | Reached skill level 3 in Shields
  6688 | D:5      | Reached * piety under Makhleb
  6689 | D:5      | Reached skill level 4 in Shields
  6965 | D:6      | Found Puasibbi's Jewellery Emporium.
  6986 | D:6      | Bought an amulet of regeneration for 360 gold pieces
  7026 | D:6      | Noticed Dowan
  7029 | D:6      | Noticed Duvessa
  7038 | D:6      | Killed Duvessa
  7039 | D:6      | Reached skill level 5 in Shields
  7039 | D:6      | Killed Dowan
  7043 | D:6      | Reached XP level 9. HP: 28/67 MP: 0/0
  7043 | D:6      | Learned a level 4 spell: Sticky Flame
  7129 | D:6      | Reached skill level 6 in Shields
  7399 | D:6      | Acquired a +2 hat of intelligence
  7433 | D:6      | Noticed Pikel
  7439 | D:6      | Noticed Blork the orc
  7446 | D:6      | Killed Pikel
  7447 | D:6      | Reached skill level 7 in Shields
  7448 | D:6      | Killed Blork the orc
  7552 | D:7      | Reached skill level 8 in Shields
  7654 | D:7      | Identified the ring "Douveali" {rC+ rN+ rCorr Str+3 SInv}
  7671 | D:7      | Reached ** piety under Makhleb
  7677 | D:7      | Noticed a two-headed ogre
  7678 | D:7      | Found the +2 robe of Vines {NoPotionHeal Regen+++}
  7679 | D:7      | Noticed a cyan ugly thing
  7680 | D:7      | Noticed a two-headed ogre
  7688 | D:7      | Killed a cyan ugly thing
  7689 | D:7      | Reached skill level 9 in Shields
  7689 | D:7      | Reached XP level 10. HP: 77/77 MP: 0/0
  7691 | D:7      | Killed a two-headed ogre
  7691 | D:7      | Killed a two-headed ogre
  7692 | D:7      | Reached skill level 10 in Shields
  7742 | D:7      | Identified the +9 fustibalus of the Vendetta {speed, rPois
                  | Dex+2}
  7933 | D:7      | Reached skill level 11 in Shields
  7933 | D:7      | Reached XP level 11. HP: 84/84 MP: 0/0
  7933 | D:7      | Learned a level 5 spell: Summon Forest
  7948 | D:7      | Noticed Joseph
  7967 | D:7      | Killed Joseph
  8522 | D:8      | Reached *** piety under Makhleb
  8711 | D:8      | Found a staircase to the Lair.
  8938 | D:8      | Noticed Maggie
  8948 | D:8      | Killed Maggie
  8949 | D:8      | Reached skill level 10 in Fighting
  9166 | D:9      | Reached skill level 12 in Shields
  9463 | D:9      | Found a runed translucent gate.
  9463 | D:9      | Found a runed translucent gate.
  9464 | D:9      | Found a runed translucent gate.
  9466 | D:9      | Noticed Burana's ghost (journeyman OpBe)
  9467 | D:9      | Noticed an 11-headed hydra
  9590 | D:9      | You are sucked into a shaft and drop 2 floors!
  9598 | D:11     | Found a snail-covered altar of Cheibriados.
  9694 | D:11     | Identified the +5 ring mail "Faonusox" {-Cast rC+ Str+4
                  | Dex+4}
  9716 | D:11     | Reached **** piety under Makhleb
 10059 | D:11     | Noticed a boulder beetle
 10067 | D:11     | Killed a boulder beetle
 10282 | D:10     | Entered Level 10 of the Dungeon
 10283 | D:10     | Noticed Snorg
 10293 | D:10     | Killed Snorg
 10294 | D:10     | Reached skill level 13 in Shields
 10320 | D:10     | Reached XP level 12. HP: 93/93 MP: 0/0
 10402 | D:10     | Found a staircase to the Orcish Mines.
 10442 | D:10     | Identified the +1 helmet of the Skies Above {-Cast Fly
                  | rElec}
 10784 | Orc:1    | Entered Level 1 of the Orcish Mines
 10784 | Orc:1    | Noticed an orc high priest
 10788 | Orc:1    | Killed an orc high priest
 10792 | Orc:1    | Reached ***** piety under Makhleb
 11081 | Orc:2    | Entered Level 2 of the Orcish Mines
 11163 | Orc:2    | Noticed an orc high priest
 11164 | Orc:2    | Found Agipn's General Store.
 11168 | Orc:2    | Killed an orc high priest
 11260 | Orc:2    | Found a staircase to the Elven Halls.
 11310 | Orc:2    | Reached skill level 14 in Shields
 11352 | Orc:2    | Noticed a boulder beetle
 11358 | Orc:2    | Killed a boulder beetle
 11501 | Orc:2    | Found Detovaga's Armour Shoppe.
 11721 | Orc:2    | Noticed an orc warlord
 11736 | Orc:2    | Killed an orc warlord
 11737 | Orc:2    | Reached XP level 13. HP: 101/101 MP: 0/0
 11737 | Orc:2    | Learned a level 5 spell: Agony
 11772 | Orc:2    | Reached skill level 10 in Spellcasting
 11781 | Orc:2    | Found Vigocah's Antique Armour Emporium.
 11784 | Orc:2    | Found Kiwagril's Antique Weapon Shoppe.
 11911 | Orc:2    | Found Querop's Weapon Shoppe.
 12128 | Lair:1   | Entered Level 1 of the Lair of Beasts
 12225 | Lair:1   | Reached ****** piety under Makhleb
 12298 | Lair:1   | Noticed Nergalle
 12305 | Lair:1   | Killed Nergalle
 12341 | Lair:1   | Found a runed translucent door.
 12346 | Lair:1   | Noticed Froggeryz's ghost (novice FeBe)
 12351 | Lair:1   | Killed Froggeryz's ghost
 12461 | Lair:1   | Noticed Sonja
 12467 | Lair:1   | Killed Sonja
 12502 | Lair:1   | Noticed a six-headed hydra
 12508 | Lair:1   | Killed a six-headed hydra
 12524 | Lair:1   | Identified the +0 helmet of Dogmatism {Harm Drain Regen+
                  | Int+4}
 13002 | Lair:2   | Noticed a seven-headed hydra
 13018 | Lair:2   | Killed a seven-headed hydra
 13019 | Lair:2   | Reached skill level 15 in Shields
 13179 | Lair:2   | Reached skill level 1 in Armour
 13385 | Lair:2   | Found a staircase to the Shoals.
 14559 | Lair:4   | Found a hole to the Spider Nest.
 14648 | Lair:4   | Found a stormy altar of Qazlal.
 14830 | Lair:4   | Noticed a five-headed hydra
 14836 | Lair:4   | Killed a five-headed hydra
 14837 | Lair:4   | Reached XP level 14. HP: 110/110 MP: 0/0
 15333 | Lair:5   | Noticed Nessos
 15337 | Lair:5   | Killed Nessos
 15429 | Lair:5   | Found a runed translucent gate.
 15430 | Lair:5   | Found a runed translucent gate.
 15431 | Lair:5   | Found a runed translucent gate.
 15432 | Lair:5   | Noticed Berchol's ghost (journeyman DgCj)
 15432 | Lair:5   | Noticed Yhosony's ghost (journeyman OpVM)
 15434 | Lair:5   | Noticed Pegreged's ghost (journeyman OpVM)
 15513 | Lair:5   | Noticed Josephine
 15519 | Lair:5   | Killed Josephine
 15520 | Lair:5   | Reached skill level 5 in Dodging
 15845 | Lair:5   | Killed Yhosony's ghost
 15851 | Lair:5   | Killed Pegreged's ghost
 15862 | Lair:5   | Killed Berchol's ghost
 15914 | Lair:6   | Entered Level 6 of the Lair of Beasts
 15982 | Lair:6   | Reached skill level 5 in Armour
 16166 | Lair:6   | Reached XP level 15. HP: 117/117 MP: 0/0
 16166 | Lair:6   | Learned a level 6 spell: Freezing Cloud
 16407 | Lair:6   | Acquired a manual of Dodging
 16408 | Lair:6   | Acquired a staff of poison
 16509 | Lair:6   | Found a transporter.
 16709 | Lair:6   | Found a transporter.
 16716 | Lair:6   | Found a one-way gate to the infinite horrors of the Abyss.
 16716 | Lair:6   | Noticed Janwiy's ghost (journeyman GrEE)
 16846 | Lair:6   | Found a staircase to the Slime Pits.
 17021 | Lair:6   | Identified the +5 long sword of Ogisit {venom, rF+ Dex+3
                  | SInv}
 17074 | Lair:6   | Killed Janwiy's ghost
 17333 | Shoals:1 | Entered Level 1 of the Shoals
 17596 | Shoals:1 | Found a frozen archway.
 17607 | IceCv    | Entered an ice cave
 17729 | IceCv    | Identified the +0 pair of boots "Rukion" {-Tele rCorr Int+2
                  | Slay+2}
 17883 | IceCv    | Noticed an Ice Fiend
 17884 | IceCv    | Noticed an Ice Fiend
 17900 | IceCv    | Killed from afar by an Ice Fiend

Illustrated notes

Levels and vault maps discovered:
D:1:      amcnicky_arrival_single_pillar, layout_basic
D:2:      layout_loops_ring
D:3:      layout_rooms, ebering_ecumenical_altar_abandoned, uniq_jessica
D:4:      layout_basic, minmay_temple_entry_sparse_star, enter_ossuary_1,
          hex_intersection, grunt_ministairs_13, kennysheep_generic_room_14
D:5:      layout_gridville, minmay_manual_macuahuitl
D:6:      layout_rooms, serial_shops, nicolae_shop_waterfront, uniq_duvessa,
          uniq_blork_the_orc, uniq_pikel
D:7:      minmay_the_grid_square_5x5_3x3 [minmay_the_grid_square_5x5_v,
          minmay_the_grid_square_5x5_meh, minmay_the_grid_square_5x5_forky,
          minmay_the_grid_square_5x5_doubleslash,
          minmay_the_grid_square_5x5_megaprize_crossed,
          minmay_the_grid_square_5x5_tetrominoes,
          minmay_the_grid_square_5x5_gyroscope,
          minmay_the_grid_square_5x5_bracketed,
          minmay_the_grid_square_5x5_inset], layout_basic, uniq_joseph
D:8:      layout_loops_ring, lair_entry_dummy, uniq_maggie
D:9:      layout_cave_pods, okawaru_altar_gauntlet_db,
          gammafunk_ghost_hydra_chop
D:10:     layout_rooms, david_orc_3, uniq_snorg
D:11:     layout_irregular_city, kennysheep_slug_shrine
Temple:   compressed_dpeg_circular_temple
Lair:1:   layout_loops_ring, ebering_ghost_reflecting_pool,
          dpeg_stationary_puzzle, uniq_nergalle, uniq_sonja
Lair:2:   layout_roguey, minmay_shoals_entry_hut, serial_bayou_shore_a
Lair:3:   layout_chaotic_city, beast_lair_carwin_5
Lair:4:   layout_regular_city, spider_nest_entry_web_field, basic_altar
Lair:5:   layout_long_grid, gammafunk_ghost_cemetery, uniq_nessos,
          uniq_josephine
Lair:6:   minmay_lair_end_frog_pond, layout_regular_city,
          dpeg_slime_entry_corner, gammafunk_ghost_abyssal_escape,
          lemuel_fruit_fields
Shoals:1: layout_shoals, serial_shops, nicolae_shop_trees,
          nicolae_shop_behind_doors, shop, shop, nicolae_shop_window_shopping,
          portal_ice_cave_entry_dragon, st_cyclops
Orc:1:    layout_caves
Orc:2:    grunt_orc_community_town_hall, layout_diamond_mine,
          grunt_orc_community_big_house_2, grunt_orc_community_big_house_1,
          grunt_orc_community_house_3, grunt_orc_community_house_3,
          grunt_orc_community_house_2, grunt_orc_community_house_3,
          grunt_orc_community_house_1, serial_shops, shop, rock_pile
IceCv:    ice_cave_small_demon

Skill      XL: |  1  2  3  4  5  6  7  8  9 10 11 12 13 14 15 |
---------------+----------------------------------------------+-----
Fighting       | 1 2 3 4 5 6 8 9 10 12 13 14 | 14.6
Spellcasting   | 3 4 5 6 7 8 9 10 11 | 11.9
Shields        | 2 5 9 11 13 14 15 | 15.0
Armour         | 2 6 7 |  7.7
Dodging        | 3 7 9 |  9.9
Stealth        | |  1.5

Action                   |  1- 3 |  4- 6 |  7- 9 | 10-12 | 13-15 || total
-------------------------+-------+-------+-------+-------+-------++-------
Melee: Unarmed           |     6 |     3 |       |       |       ||     9
       Lajatang          |       |    48 |    20 |       |       ||    68
       Spear             |       |       |    51 |       |       ||    51
       Whip              |       |       |       |   163 |    54 ||   217
       Staff             |       |       |       |       |    15 ||    15
 Cast: Sting             |    51 |     9 |     4 |     4 |       ||    68
       Poisonous Vapours |     3 |    55 |   112 |   187 |   182 ||   539
       Stone Arrow       |       |       |    57 |    50 |   291 ||   398
       Ignite Poison     |       |       |     5 |    35 |    50 ||    90
       Olgreb's Toxic Ra |       |       |     4 |    31 |    36 ||    71
       Summon Forest     |       |       |       |     2 |     2 ||     4
       Agony             |       |       |       |       |     4 ||     4
       Mephitic Cloud    |       |       |       |       |     1 ||     1
       Freezing Cloud    |       |       |       |       |    21 ||    21
  Use: Scroll            |       |     8 |     4 |       |     7 ||    19
 Stab: Sleeping          |       |     3 |     2 |       |       ||     5
Armor: Robe              |     7 |    14 |    18 |    44 |    49 ||   132
Dodge: Dodged            |    13 |    45 |    75 |   169 |   264 ||   566
Block: Buckler           |       |       |    36 |   106 |   178 ||   320

Table legend: (Time is in decaauts)
 A = Elapsed time spent in this place.
 B = Non-inter-level travel time spent in this place.
 C = Inter-level travel time spent in this place.
 D = Time resting spent in this place.
 E = Time spent auto-exploring this place.
 F = Levels seen in this place.
 G = Mean time per level.
                   A        B        C        D        E       F      G
               +--------+--------+--------+--------+--------+-----+--------+
         Total |  17985 |  16775 |   1210 |    117 |  13510 |  23 |  782.0 |
       Dungeon |   9364 |   8806 |    558 |    117 |   7190 |  11 |  851.3 |
        Temple |     90 |     62 |     28 |      0 |     46 |   1 |   90.0 |
          Lair |   5215 |   4701 |    514 |      0 |   3851 |   6 |  869.2 |
        Shoals |    273 |    260 |     13 |      0 |    227 |   1 |  273.0 |
  Orcish Mines |   1288 |   1192 |     96 |      0 |    862 |   2 |  644.0 |
       Ossuary |   1459 |   1459 |      0 |      0 |   1207 |   1 | 1459.0 |
      Ice Cave |    292 |    292 |      0 |      0 |    127 |   1 |  292.0 |
               +--------+--------+--------+--------+--------+-----+--------+

Top non-repeatable levels by time:
 Ossuary: 1459 daAuts
     D:3: 1401 daAuts
     D:1: 1341 daAuts
  Lair:6: 1210 daAuts
     D:2: 1093 daAuts
  Lair:2: 994 daAuts
   Orc:2: 983 daAuts
     D:7: 870 daAuts
     D:4: 837 daAuts
  Lair:5: 798 daAuts
     D:5: 771 daAuts
  Lair:4: 762 daAuts
  Lair:1: 742 daAuts
  Lair:3: 708 daAuts
     D:8: 695 daAuts
